 Dungeon Crawl Stone Soup version 0.29.0-5-ge4962eb29e (webtiles) character file.

Game seed: 12025968298974173873

14 drpainis the Grave Robber (level 2, 0/15 HPs)
             Began as a Deep Elf Necromancer on Aug 28, 2022.
             Slain by a gnoll
             ... wielding a +0 spear
              (8 damage)
             ... on level 1 of the Dungeon.
             The game lasted 00:00:46 (584 turns).

drpainis the Grave Robber (Deep Elf Necromancer)     Turns: 584, Time: 00:00:47

Health: 0/15       AC:  2    Str:  5    XL:     2   Next: 27%
Magic:  6/8        EV: 12    Int: 19    God:
Gold:   41         SH:  0    Dex: 15    Spells: 6/7 levels left

rFire   . . .      SeeInvis .   (no weapon)
rCold   . . .      Faith    .   (no shield)
rNeg    . . .      Spirit   .   a - +0 robe
rPois   .          Reflect  .   (no helmet)
rElec   .          Harm     .   (no cloak)
rCorr   .          Rampage  .   (no gloves)
Will    .....                   (no boots)
Stlth   ++........              (no amulet)
HPRegen 0.05/turn               (no ring)
MPRegen 0.11/turn               (no ring)

@: no status effects
A: no striking features
a: no special abilities


You were on level 1 of the Dungeon.
You visited 1 branch of the dungeon, and saw 1 of its levels.

You collected 41 gold pieces.

Inventory:

Armour
 a - a +0 robe (worn)
Scrolls
 c - a scroll of identify {unknown}
 d - a scroll of amnesia {unknown}
Potions
 b - a potion of magic
 e - a potion of attraction {unknown}


   Skills:
 + Level 2.5 Dodging
 + Level 2.6 Stealth
 + Level 3.2 Spellcasting
 + Level 5.3 Necromancy


You had 6 spell levels left.
You knew the following spells:

 Your Spells              Type           Power      Damage    Failure   Level
a - Necrotise             Necr           92%        1d8       1%          1

Your spell library contained the following spells:

 Spells                   Type           Power      Damage    Failure   Level
 Vampiric Draining        Necr           23%        2d7       4%          3
 Animate Dead             Necr           23%        N/A       17%         4
 Agony                    Necr           23%        N/A       43%         5


Dungeon Overview and Level Annotations

Branches:
Dungeon (1/15)

Altars:


Message History

Aim: a bat (moderately wounded, chance to affect: 91%)
The bat writhes in agony.
You kill the bat!
You swap places.
Your bat skeleton crumbles into dust!
You see here a rat corpse.
A gnoll comes into view. It is wielding a +0 spear.
A gnoll is nearby!
A gnoll is nearby!
A gnoll is nearby!
Found an escape hatch in the floor.
Found a stone staircase leading down.
A kobold and a giant cockroach come into view.
The kobold shouts!
You hear a shout!
The gnoll shouts!
A goblin comes into view. It is wielding a +0 club.
The kobold throws a stone.
The stone misses you.
A kobold comes into view. It is wielding a +0 dagger.
The gnoll barely misses you.
The kobold shouts!
You hit the gnoll but do no damage. The gnoll hits you with a +0 spear.
An endoplasm comes into view.
The kobold throws a stone.
The stone barely misses you.
Casting: Necrotise (safe; 1% risk of failure)
Confirm with . or Enter, or press ? or * to list all spells.
Aiming: Necrotise (safe; 1% risk of failure)
Press: ? - help, Shift-Dir - straight line, f - gnoll
Aim: a gnoll, wielding a +0 spear (chance to affect: 87%)
The gnoll writhes in agony.
The endoplasm quivers.
The gnoll hits you with a +0 spear. The gnoll closely misses you.
Casting: Necrotise (safe; 1% risk of failure)
Confirm with . or Enter, or press ? or * to list all spells.
Aiming: Necrotise (safe; 1% risk of failure)
Press: ? - help, Shift-Dir - straight line, f/p - gnoll
Aim: a gnoll, wielding a +0 spear (lightly wounded, chance to affect: 87%)
The gnoll writhes in agony.
The gnoll hits you from afar with a +0 spear!
Ouch! That really hurt!
You die...

#.####.##.###.#
#.#....#..# #.#
#.#.####.## #.# .
###.#.####.# #.# ..
#...#....#.# #.# #..##
#.#.####.#.# #.# #....#
#.....##.#.####..
#..B#####.#.##.#.......
#>K..g@...#.##.#######.
#...g..#..#.##.#.......
####......#.##.#.######
....>.#.##.##.........
..K######.##.####.######
... ..##........†..# ..
#########.####.# . #.#
#.# #.# #.#


You could see a gnoll, a giant cockroach, a goblin and 2 kobolds.

Vanquished Creatures
  A ball python (D:1)
  An endoplasm (D:1)
  A giant cockroach (D:1)
  2 hobgoblins (D:1)
  A quokka (D:1)
  2 bats (D:1)
  A kobold (D:1)
  3 rats (D:1)
12 creatures vanquished.

Vanquished Creatures (collateral kills)
  A rat (D:1)
1 creature vanquished.

Grand Total: 13 creatures vanquished

Notes
Turn   | Place    | Note
-------+----------+-------------------------------------------
     0 | D:1      | drpainis the Deep Elf Necromancer began the quest for the
                  | Orb.
     0 | D:1      | Reached XP level 1. HP: 10/10 MP: 6/6
    34 | D:1      | Reached skill level 5 in Necromancy
   344 | D:1      | Reached XP level 2. HP: 15/15 MP: 6/8
   584 | D:1      | Slain by a gnoll

Illustrated notes

Levels and vault maps discovered:
D:1:      enne_arrival_octagon_isle, layout_basic, minivault_4,
          minmay_tree_intersection

Skill      XL: |  1 |
---------------+----+-----
Necromancy     | 5 |  5.3
Dodging        | |  2.5
Stealth        | |  2.6
Spellcasting   | |  3.2

Action                   || total
-------------------------++-------
Melee: Unarmed           ||     7
 Cast: Necrotise         ||    16
Armor: Robe              ||     2
Dodge: Dodged            ||    13
